 Dungeon Crawl Stone Soup version 0.31-a0-948-gf5be29c462 (webtiles) character file.

Game seed: 736936198134903692

133 Mgcat the Chopper (level 5, 0/46 HPs)
             Began as a Meteoran Fighter on Oct 21, 2023.
             Slain by a gnoll bouda
             ... wielding a +0 club
              (9 damage)
             ... on level 4 of the Dungeon.
             The game lasted 00:01:52 (1210 turns).

Mgcat the Chopper (Meteoran Fighter)                Turns: 1210, Time: 00:01:53

Health: 0/46       AC:  7    Str: 19    XL:     5   Next: 67%
Magic:  6/6        EV:  9    Int:  9    God:
Gold:   33         SH:  5    Dex: 14    Spells: 4/4 levels left

rFire   . . .        a - +0 war axe
rCold   . . .        c - +0 buckler
rNeg    . . .        b - +0 scale mail
rPois   .            (no helmet)
rElec   .            (no cloak)
rCorr   .            (no gloves)
SInv    .            (no boots)
Will    .....        (no amulet) Stlth
                     (no ring)
HPRegen 0.27/turn    (no ring)
MPRegen 0.10/turn

%: no passive effects
@: weakened, glowing
A: sense surroundings 1, otherworldly, glowing, explore regen
a: no special abilities


You were on level 4 of the Dungeon.
You visited 1 branch of the dungeon, and saw 4 of its levels.

You collected 138 gold pieces.
You spent 105 gold pieces at shops.

Inventory:

Hand Weapons
 a - a +0 war axe (weapon)
Armour
 b - a +0 scale mail (worn)
 c - a +0 buckler (worn)
 p - a +0 cloak
   (You found it on level 3 of the Dungeon)
Scrolls
 e - 3 scrolls of identify {unknown}
 h - a scroll of enchant armour {unknown}
 j - a scroll of teleportation {unknown}
 k - a scroll of noise {unknown}
 m - a scroll of amnesia {unknown}
 o - a scroll of blinking {!r}
Potions
 d - 2 potions of might
 f - 2 potions of curing {unknown}
 g - a potion of attraction {unknown}
 i - a potion of resistance {unknown}
 l - a potion of brilliance {unknown}
 n - a potion of heal wounds {unknown}


   Skills:
 + Level 4.0 Fighting
 * Level 4.4 Axes
 + Level 4.0 Armour
 + Level 4.0 Shields


You had 4 spell levels left.
You didn't know any spells.
Your spell library was empty.

Dungeon Overview and Level Annotations

Branches:
Dungeon (4/15) Zot: 1149
 Temple: D:4-7

Altars:

Shops:
D:3 *


Innate Abilities, Weirdness & Mutations

You passively map a small area around you.
You are easily found by Zot.
You glow in the dark.
You regain HP and MP as you explore.


Message History

The gnoll is moderately wounded.
You hear a shout! x3
A gnoll comes into view. It is wielding a +0 whip.
The gnoll bouda calls upon its god to heal the gnoll.
The gnoll's wounds heal themselves!
The gnoll hits you but does no damage.
The gnoll moves out of view.
Lua error: [string "/dgldir/rcfiles/crawl-git/Mgcat.rc"]:930: invalid capture index You closely miss the gnoll.
You block the gnoll's attack.
Lua error: [string "/dgldir/rcfiles/crawl-git/Mgcat.rc"]:930: invalid capture index You barely miss the gnoll.
The gnoll hits you from afar with a +0 spear!
An orc priest comes into view. It is wielding a +0 flail.
You take 7 damage, and have 39/46 hp.
Lua error: [string "/dgldir/rcfiles/crawl-git/Mgcat.rc"]:938: invalid capture index Warning x3: The gnoll (swift) can hit for moderate damage in melee, and throws nets! x2
The gnoll bouda can hit for moderate damage in melee, and throws nets!
The gnoll bouda attacks as it pursues you!
The gnoll bouda barely misses you.
Lua error: [string "/dgldir/rcfiles/crawl-git/Mgcat.rc"]:930: invalid capture index An orc comes into view.
It is wielding a +0 club.
The orc shouts!
An orc priest comes into view. It is wielding a +0 mace.
There is a stone staircase leading down here.
Danger x5: orc priest, gnoll bouda, gnoll (swift) x2, orc priest (wandering)!
The orc priest shouts!
You hear a shout!
The gnoll closely misses you. The gnoll bouda barely misses you.
The orc priest hits you but does no damage.
You climb downwards.
HP restored.
There is a stone staircase leading up here.
Health restored: 46 Warning x2: The orc priest can smite you!
The gnoll bouda can hit for moderate damage in melee, and throws nets!
You slash the orc priest!
The orc priest is severely wounded.
You hit the gnoll bouda but do no damage.
The gnoll bouda hits you with a +0 club!
The orc priest hits you with a +0 flail.
You take 11 damage, and have 35/46 hp.
MASSIVE DAMAGE!!
Warning x2: The orc priest can smite you!
The gnoll bouda can hit for moderate damage in melee, and throws nets!
You hit the orc priest.
The orc priest is severely wounded.
You hit the gnoll bouda. The gnoll bouda misses you.
The orc priest barely misses you.
Warning x2: The orc priest can smite you!
The gnoll bouda can hit for moderate damage in melee, and throws nets!
You barely miss the orc priest.
The orc priest is severely wounded.
You slash the gnoll bouda!
The gnoll bouda gazes fiercely through you!
You feel your attacks grow feeble.
The gnoll bouda hits you but does no damage.
The orc priest completely misses you.
The gnoll bouda hits you but does no damage.
The orc priest hits you with a +0 flail!
You take 8 damage, and have 28/46 hp.
Warning x2: The orc priest can smite you!
The gnoll bouda can hit for moderate damage in melee, and throws nets!
You are too injured to fight recklessly!
Warning x2: The orc priest can smite you!
The gnoll bouda can hit for moderate damage in melee, and throws nets!
You are too injured to fight recklessly!
Warning x2: The orc priest can smite you!
The gnoll bouda can hit for moderate damage in melee, and throws nets!
You are too injured to fight recklessly!
Warning x2: The orc priest can smite you!
The gnoll bouda can hit for moderate damage in melee, and throws nets!
You are too injured to fight recklessly!
Warning x2: The orc priest can smite you!
The gnoll bouda can hit for moderate damage in melee, and throws nets!
You hit the orc priest but do no damage.
The orc priest is severely wounded.
You closely miss the gnoll bouda. You block the gnoll bouda's attack.
The orc priest invokes the aid of Beogh against you.
Beogh smites you!
You take 11 damage, and have 17/46 hp.
MASSIVE DAMAGE!!
Warning x2: The orc priest can smite you!
The gnoll bouda can hit for moderate damage in melee, and throws nets!
You hit the gnoll bouda but do no damage.
The gnoll bouda is heavily wounded.
You hit the orc priest but do no damage.
The gnoll bouda hits you but does no damage.
The orc priest hits you but does no damage.
Warning x2: The orc priest can smite you!
The gnoll bouda can hit for moderate damage in melee, and throws nets!
You closely miss the gnoll bouda.
The gnoll bouda is heavily wounded.
You hit the orc priest.
The gnoll bouda hits you but does no damage.
The orc priest calls down the wrath of Beogh upon you.
Pain shoots through your body!
* * * LOW HITPOINT WARNING * * *
The gnoll bouda hits you but does no damage.
The orc priest miscasts a cantrip.
You take 10 damage, and have 8/46 hp.
MASSIVE DAMAGE!!
Warning x2: The orc priest can smite you!
The gnoll bouda can hit for moderate damage in melee, and throws nets!
You slash the orc priest!
You kill the orc priest!
You hit the gnoll bouda but do no damage.
The gnoll bouda barely misses you.
Your Fighting skill increases to level 4!
Your Armour skill increases to level 4!
Your Shields skill increases to level 4!
Spoiler Alert: The gnoll bouda can hit for moderate damage in melee, and throws nets!
You barely miss the gnoll bouda.
The gnoll bouda is heavily wounded.
Your attacks no longer feel as feeble.
The gnoll bouda gazes fiercely through you!
You feel your attacks grow feeble.
The gnoll bouda hits you with a +0 club!
You die...

* , , * *
# * #. ###
** #.. #..
, , ,
#..##.##
,* *
##...... *
#....g.##
#...)@.#
.........#
*
####.#...#
# ##### *
,* * * , *
* , * ,, ,
, , * ,


You could see a gnoll bouda.

Vanquished Creatures
  An orc priest (D:4)
  Jessica (D:2)
  A gnoll (D:3)
  3 adders (D:2)
  A dart slug (D:2)
  5 orcs (D:3)
  An endoplasm (D:2)
  2 giant cockroaches
  2 hobgoblins (D:3)
  8 kobolds
  A quokka (D:2)
  4 ball pythons
  2 bats (D:1)
  A frilled lizard (D:1)
  4 goblins
  2 rats
39 creatures vanquished.

Notes
Turn   | Place    | Note
-------+----------+-------------------------------------------
     0 | D:1      | Mgcat the Meteoran Fighter began the quest for the Orb.
     0 | D:1      | Reached XP level 1. HP: 19/19 MP: 2/2
   213 | D:1      | Reached XP level 2. HP: 23/26 MP: 3/3
   489 | D:1      | Glimpsed the power of Zot.
   545 | D:2      | Noticed Jessica
   556 | D:2      | Killed Jessica
   557 | D:2      | Reached skill level 3 in Axes
   557 | D:2      | Reached XP level 3. HP: 24/31 MP: 4/4
   572 | D:2      | Reached XP level 4. HP: 40/40 MP: 5/5
   960 | D:3      | Found Wegolef's General Store.
   974 | D:3      | Bought a scroll of blinking for 105 gold pieces
   992 | D:3      | Found a faded altar of an unknown god.
  1038 | D:3      | Reached skill level 4 in Axes
  1038 | D:3      | Reached XP level 5. HP: 43/46 MP: 6/6
  1208 | D:4      | HP: 8/46 [orc priest/nerve-wracking pain (10)]
  1210 | D:4      | Reached skill level 4 in Fighting
  1210 | D:4      | Reached skill level 4 in Armour
  1210 | D:4      | Reached skill level 4 in Shields
  1210 | D:4      | Slain by a gnoll bouda

Illustrated notes

Levels and vault maps discovered:
D:1:      lightli_arrival_quake, layout_loops_ring
D:2:      layout_basic, uniq_jessica
D:3:      layout_basic, nicolae_ru_awakened_eye, serial_shops,
          nicolae_shop_crystal, shapermc_ecumenical_altar_venn, corner_web_ring
D:4:      layout_loops_corners, mainiacjoe_overflow_brackets

Skill      XL: |  1  2  3  4  5 |
---------------+----------------+-----
Axes           | 3 4 |  4.4
Fighting       | 4 |  4.0
Armour         | 4 |  4.0
Shields        | 4 |  4.0

Action                     |  1- 3 |  4- 6 || total
---------------------------+-------+-------++-------
  Melee: War axe           |    39 |    74 ||   113
 Armour: Scale mail        |    32 |    53 ||    85
  Dodge: Dodged            |    28 |    37 ||    65
  Block: Buckler           |    13 |    18 ||    31

Table legend: (Time is in decaauts)
 A = Elapsed time spent in this place.
 B = Non-inter-level travel time spent in this place.
 C = Inter-level travel time spent in this place.
 D = Time resting spent in this place.
 E = Time spent auto-exploring this place.
 F = Levels seen in this place.
 G = Mean time per level.
                   A        B        C        D        E       F      G
               +--------+--------+--------+--------+--------+-----+--------+
         Total |   1249 |   1153 |     96 |      5 |    887 |   4 |  312.2 |
       Dungeon |   1249 |   1153 |     96 |      5 |    887 |   4 |  312.2 |
               +--------+--------+--------+--------+--------+-----+--------+

Top non-repeatable levels by time:
     D:1: 532 daAuts
     D:2: 452 daAuts
     D:3: 253 daAuts
     D:4: 10 daAuts

Levels and vault maps discovered:
D:1:      lightli_arrival_quake, layout_loops_ring
D:2:      layout_basic, uniq_jessica
D:3:      layout_basic, nicolae_ru_awakened_eye, serial_shops,
          nicolae_shop_crystal, shapermc_ecumenical_altar_venn, corner_web_ring
D:4:      layout_loops_corners, mainiacjoe_overflow_brackets

Table legend: (Time is in decaauts)
 A = Elapsed time spent in this place.
 B = Non-inter-level travel time spent in this place.
 C = Inter-level travel time spent in this place.
 D = Time resting spent in this place.
 E = Time spent auto-exploring this place.
 F = Levels seen in this place.
 G = Mean time per level.
                   A        B        C        D        E       F      G
               +--------+--------+--------+--------+--------+-----+--------+
         Total |   1249 |   1153 |     96 |      5 |    887 |   4 |  312.2 |
       Dungeon |   1249 |   1153 |     96 |      5 |    887 |   4 |  312.2 |
               +--------+--------+--------+--------+--------+-----+--------+

Top non-repeatable levels by time:
     D:1: 532 daAuts
     D:2: 452 daAuts
     D:3: 253 daAuts
     D:4: 10 daAuts

Table legend:
 A = Kills in this place as a percentage of kills in the entire game.
 B = Kills by you in this place as a percentage of kills by you in the entire game.
 C = Kills by friends in this place as a percentage of kills by friends in the entire game.
 D = Other kills in this place as a percentage of other kills in the entire game.
 E = Experience gained in this place as a percentage of experience gained in the entire game.
 F = Experience gained in this place divided by the number of levels of this place that you have seen.
                   A       B       C       D       E      F
               +-------+-------+-------+-------+-------+----------------------
         Total | 100.0 | 100.0 |   N/A |   N/A | 100.0 |  47.5
       Dungeon | 100.0 | 100.0 |   N/A |   N/A | 100.0 |  47.5
               +-------+-------+-------+-------+-------+----------------------
